 Dungeon Crawl Stone Soup version 0.30.1-4-g462c640d31 (webtiles) character file.

Game seed: 5945946015966223244

2873 Kurtz the Cleaver (level 9, -3/54 HPs)
             Began as a Tengu Fighter on Sept 17, 2023.
             Was a Follower of Okawaru.
             Slain by a wyvern (14 damage)
             ... on level 9 of the Dungeon.
             The game lasted 00:11:10 (7818 turns).

Kurtz the Cleaver (Tengu Fighter)                   Turns: 7818, Time: 00:11:10

Health: -3/54      AC: 10    Str: 20    XL:     9   Next: 76%
Magic:  10/10      EV: 10    Int:  8    God:    Okawaru [*.....]
Gold:   597        SH: 10    Dex: 15    Spells: 8/8 levels left

rFire   . . .        G - +7 spear (venom)
rCold   . . .        q - +0 kite shield
rNeg    . . .        u - +0 chain mail
rPois   +            (helmet restricted)
rElec   .            (no cloak)
rCorr   .            l - +0 pair of gloves
SInv    +            (boots unavailable)
Will    .....        (no amulet) Stlth
                     C - ring of poison resistance
HPRegen 0.29/turn    A - ring of see invisible
MPRegen 0.12/turn

%: no passive effects
@: flying quickly and evasively, quick
A: beak, talons 3, nimble flight
a: Renounce Religion, Heroism


You were on level 9 of the Dungeon.
You worshipped Okawaru.
Okawaru was aware of your devotion.
You visited 2 branches of the dungeon, and saw 10 of its levels.
You also visited: Ossuary.

You collected 597 gold pieces.

Inventory:

Hand Weapons
 a - a +0 war axe
 r - a +3 hand axe of draining
 G - a +7 spear of venom (weapon)
 P - a +4 flail
Missiles
 i - 29 poisoned darts (quivered)
Armour
 c - a +0 buckler
 l - a +0 pair of gloves (worn)
 q - a +0 kite shield (worn)
 u - a +0 chain mail (worn)
Jewellery
 e - a ring of positive energy
 s - a +6 ring of intelligence
 A - a ring of see invisible (right hand)
 C - a ring of poison resistance (left hand)
Wands
 D - a wand of acid (3)
 E - a wand of iceblast (2)
 F - a wand of charming (7)
 N - a wand of polymorph (11)
Scrolls
 g - 4 scrolls of teleportation
 h - 5 scrolls of enchant weapon
 j - 2 scrolls of fear {unknown}
 k - 3 scrolls of amnesia {unknown}
 n - 2 scrolls of noise
 o - 2 scrolls of torment
 p - a scroll of magic mapping
 y - 2 scrolls of silence {unknown}
 z - 2 scrolls of enchant armour
 B - 2 scrolls of summoning {unknown}
 M - a scroll of poison {unknown}
 O - a scroll of identify
Potions
 b - 3 potions of lignification {unknown}
 d - 2 potions of might
 f - 8 potions of curing
 m - 4 potions of heal wounds
 t - a potion of flight {unknown}
 v - a potion of invisibility {unknown}
 w - 2 potions of mutation {unknown}
 x - 2 potions of attraction {unknown}
 H - a potion of degeneration {unknown}
 I - 2 potions of haste {unknown}
 J - a potion of ambrosia {unknown}
 K - a potion of brilliance {unknown}
 L - a potion of cancellation {unknown}


   Skills:
 + Level 5.1 Fighting
 + Level 10.4 Axes
 - Level 3.2 Armour
 * Level 5.0 Dodging
 * Level 7.4 Shields


You had 8 spell levels left.
You didn't know any spells.
Your spell library contained the following spells:

 Spells                   Type           Power      Damage    Failure   Level
 Foxfire                  Conj/Fire      0%         2x1d4     100%        1
 Slow                     Hex            0%         N/A       100%        1
 Confusing Touch          Hex            0%         N/A       100%        3
 Vampiric Draining        Necr           0%         2d6       100%        3
 Fireball                 Conj/Fire      0%         3d3       100%        5
 Plasma Beam              Fire/Air       0%         2x1d11    100%        6
 Starburst                Conj/Fire      0%         6d3       100%        6


Dungeon Overview and Level Annotations

Branches:
Dungeon (9/15)             Temple (1/1) D:7         Ossuary (visited)
   Lair: D:8-11         Orc: D:9-12

Altars:
Dithmenos
Elyvilon
Fedhas
Gozag
Hepliaklqana
Kikubaaqudgha
Okawaru
Qazlal
Sif Muna
Trog
Uskayaw
Vehumet
Xom
Zin
The Shining One

Annotations:
D:7 1 runed translucent door, Crazy Yiuf


Innate Abilities, Weirdness & Mutations

You have a beak for a mouth.
You have claws for feet.
Your magical nature lets you fly swiftly and evasively.


Message History

The gnoll is lightly wounded.
The gnoll hits you with a +0 spear.
You closely miss the gnoll. Your kick misses the gnoll.
Your peck misses the gnoll.
The gnoll is lightly wounded.
The gnoll hits you but does no damage.
You slash the gnoll!
You kill the gnoll!
Okawaru accepts your kill.
No target in view!
No target in view!
P - a +4 flail (weapon)
Done exploring.
Your +7 spear of venom begins to drip with poison!
G - a +7 spear of venom (weapon)
Done exploring.
(D) Dungeon (T) Temple
Where to? (Enter - D:9, ? - help)
Things that are here:
a +0 spear; a gnoll corpse
There is a stone staircase leading down here.
You fly downwards.
There is a stone staircase leading up here.
Found a stone staircase leading down.
A two-headed ogre comes into view. It is wielding two +0 giant clubs.
The two-headed ogre shouts in stereo!
A wyvern comes into view.
The wyvern hisses angrily.
You reach to attack!
You puncture the two-headed ogre!
The two-headed ogre is poisoned.
The two-headed ogre is lightly wounded.
The two-headed ogre hits you with a +0 giant club!!
The two-headed ogre hits you with a +0 giant club!
The wyvern bites you but does no damage.
You block the wyvern's attack. The wyvern attacks as you move away!
You block the wyvern's attack. The wyvern bites you!
* * * LOW HITPOINT WARNING * * *
The wyvern bites you!
You die...

.....######.#
.
............#
#..
###.........#
#.#
#...####..#
#.# #...#
#..####.#
#...#
#.......#
#...#
#.......# #
#...#
#....Ol.##..#
#...#
#.>....@....#
#...
#........#..#
...........#
.#
...........#
#####.......#
#.......#
#.......#
#.####..#


You could see a two-headed ogre (very poisoned) and a wyvern.

Vanquished Creatures
  A troll (D:8)
  Prince Ribbit (D:8)
  A steam dragon (D:7)
  2 water moccasins
  Duvessa (D:4)
  A black bear (D:5)
  A sky beast (D:7)
  2 ice beasts (D:6)
  A kobold brigand (D:8)
  5 scorpions
  3 bullfrogs
  A gnoll sergeant (D:8)
  Dowan (D:4)
  A howler monkey (D:7)
  2 electric eels (D:8)
  A jelly (D:4)
  4 orc priests
  2 sleepcaps (D:5)
  6 iguanas
  5 orc wizards
  8 mummies (Ossuary)
  8 gnolls
  8 adders
  2 shadow imps
  An ufetubus (D:5)
  5 worms
  3 dart slugs
  20 orcs
  6 ball pythons
  8 bats
  7 endoplasms
  4 giant cockroaches
  2 gnoll zombies (Ossuary)
  11 goblins
  4 hobgoblins
  5 jackals
  15 kobolds
  4 quokkas
  3 frilled lizards (D:2)
  A hobgoblin zombie (Ossuary)
  2 kobold zombies (Ossuary)
  3 orc zombies (Ossuary)
  3 rats (D:1)
175 creatures vanquished.

Notes
Turn   | Place    | Note
-------+----------+-------------------------------------------
     0 | D:1      | Kurtz the Tengu Fighter began the quest for the Orb.
     0 | D:1      | Reached XP level 1. HP: 14/14 MP: 2/2
   150 | D:1      | Reached XP level 2. HP: 19/19 MP: 3/3
   164 | D:1      | Reached skill level 3 in Axes
   395 | D:1      | Reached XP level 3. HP: 20/23 MP: 4/4
   444 | D:1      | Reached skill level 4 in Axes
   986 | D:2      | Reached XP level 4. HP: 28/28 MP: 5/5
  1108 | D:2      | Reached skill level 5 in Axes
  1415 | D:3      | Gained mutation: Your magical nature lets you fly swiftly
                  | and evasively. [Tengu growth]
  1415 | D:3      | Reached XP level 5. HP: 12/32 MP: 6/6
  1598 | D:3      | Reached skill level 6 in Axes
  2231 | D:4      | Reached XP level 6. HP: 30/37 MP: 7/7
  2349 | D:4      | Noticed Dowan
  2350 | D:4      | Noticed Duvessa
  2368 | D:4      | Reached skill level 1 in Dodging
  2380 | D:4      | Killed Dowan
  2381 | D:4      | Reached skill level 7 in Axes
  2389 | D:4      | Killed Duvessa
  2390 | D:4      | Reached XP level 7. HP: 24/41 MP: 8/8
  3112 | D:5      | Entered Level 5 of the Dungeon
  3163 | D:5      | Found a shimmering altar of Xom.
  3188 | D:5      | Reached skill level 8 in Axes
  3364 | D:5      | Reached XP level 8. HP: 34/47 MP: 9/9
  3433 | D:5      | Found a bloodstained altar of Trog.
  3469 | D:5      | Found a shadowy altar of Dithmenos.
  3543 | D:5      | Found a shimmering blue altar of Sif Muna.
  3886 | D:5      | Found a hide-covered altar of Uskayaw.
  3948 | D:5      | Identified the +1 helmet of Vehi {Int+2}
  4220 | D:6      | Reached skill level 5 in Shields
  4483 | D:6      | Reached skill level 9 in Axes
  4899 | D:6      | Found an ancient bone altar of Kikubaaqudgha.
  5343 | D:7      | Reached XP level 9. HP: 52/52 MP: 10/10
  5355 | D:7      | Found a radiant altar of Vehumet.
  5405 | D:7      | Found a blossoming altar of Fedhas.
  5691 | D:7      | Found a staircase to the Ecumenical Temple.
  5700 | Temple   | Entered the Ecumenical Temple
  5710 | Temple   | Became a worshipper of Warmaster Okawaru
  5806 | D:7      | Found a runed translucent door.
  5807 | D:7      | Noticed Crazy Yiuf
  6304 | D:8      | Found a sand-covered staircase.
  6309 | Ossuary  | Entered an ossuary
  6649 | D:8      | HP: 1/52 [electric eel/bolt of electricity (10)]
  7135 | D:8      | Noticed a troll
  7148 | D:8      | Killed a troll
  7149 | D:8      | Reached skill level 10 in Axes
  7441 | D:8      | Reached * piety under Okawaru
  7570 | D:8      | Reached skill level 5 in Fighting
  7695 | D:8      | Noticed Prince Ribbit
  7707 | D:8      | Killed Prince Ribbit
  7708 | D:8      | Reached skill level 5 in Dodging
  7811 | D:9      | Noticed a two-headed ogre
  7818 | D:9      | Slain by a wyvern

Illustrated notes

Levels and vault maps discovered:
D:1:      sevenhm_arrival_forest_fort_small_5, layout_basic, serial_glass,
          glass_columns_c, glass_columns_a, nrook_mini_backslash,
          kennysheep_decorative_pillar
D:2:      layout_rooms, serial_curves, eino_curves_01, eino_curves_03
D:3:      layout_loops_corners
D:4:      layout_basic, uniq_duvessa
D:5:      layout_loops_ring, mainiacjoe_overflow_alcove_2,
          lemuel_coloured_pillars_altar, xom_teletrap_fun,
          overflow_temple_1_default, overflow_temple_1_default,
          kennysheep_path_1, minmay_pentangle
D:6:      layout_basic, kennysheep_little_box
D:7:      layout_loops_corners, mainiacjoe_overflow_catch_the_wave,
          minmay_temple_entry_antechambers, uniq_crazy_yiuf_cottage
D:8:      layout_loops_cross, enter_ossuary_1, nicolae_water_bricks,
          uniq_prince_ribbit1
D:9:      layout_long_grid, uniq_joseph
Temple:   nicolae_temple_great_sept

Skill      XL: |  1  2  3  4  5  6  7  8  9 |
---------------+----------------------------+-----
Axes           | 3 4 5 6 7 8 9 10 | 10.4
Dodging        | 1 2 3 5 |  5.0
Shields        | 4 6 7 |  7.4
Fighting       | 4 5 |  5.1
Armour         | |  3.2

Action                     |  1- 3 |  4- 6 |  7- 9 || total
---------------------------+-------+-------+-------++-------
  Melee: War axe           |    62 |    73 |       ||   135
         Kick              |    11 |    30 |    92 ||   133
         Peck              |     9 |     9 |    51 ||    69
         Hand axe          |       |    18 |   302 ||   320
         Spear             |       |       |     1 ||     1
  Evoke: Wand              |       |       |     6 ||     6
    Use: Potion            |       |       |     2 ||     2
         Scroll            |       |       |     8 ||     8
 Armour: Scale mail        |    35 |    23 |     5 ||    63
         Chain mail        |       |       |    67 ||    67
  Dodge: Dodged            |    27 |    38 |    77 ||   142
  Block: Buckler           |    13 |     6 |       ||    19
         Kite shield       |       |    21 |   119 ||   140
